 Dungeon Crawl Stone Soup version 0.17.0-25-gefc9c12 (webtiles) character file.

195 Ohshi the Slinger (level 6, 0/39 HPs)
             Began as a Halfling Hunter on Nov 18, 2015.
             Slain by a hound (4 damage)
             ... on level 4 of the Dungeon.
             The game lasted 00:06:40 (2316 turns).

Ohshi the Slinger (Halfling Hunter)                 Turns: 2316, Time: 00:06:40

Health: 0/39       AC:  3    Str: 12    XL:     6   Next: 4%
Magic:  6/6        EV: 15    Int: 10    God:
Gold:   131        SH:  0    Dex: 17    Spells: 0 memorised, 5 levels left

rFire  . . .     SeeInvis .     a - +1 hunting sling
rCold  . . .     Clarity  .     c - +0 leather armour
rNeg   . . .     SustAt   .     (shield restricted)
rPois  .         Gourm    .     (no helmet)
rElec  .         Spirit   .     (no cloak)
rCorr  .         Warding  .     (no gloves)
rMut   .         Stasis   .     (no boots)
MR     .....                    (no amulet)
Stlth  ++........               (no ring)
                                (no ring)

@: not resistant to hostile enchantments, unstealthy
A: mutation resistance 1
a: no special abilities


You were on level 4 of the Dungeon.
You were not hungry.

You visited 1 branch of the dungeon, and saw 4 of its levels.

You collected 131 gold pieces.

Inventory:

Hand Weapons
 a - a +1 hunting sling (weapon)
 b - a +0 short sword
 n - a +1 dagger of draining
Missiles
 d - 10 sling bullets
 j - 45 stones (quivered)
 q - 18 poisoned sling bullets
Armour
 c - a +0 leather armour (worn)
Wands
 m - a wand of random effects (34)
Scrolls
 e - a scroll of magic mapping {unknown}
 o - a scroll of immolation {unknown}
 p - a scroll of blinking {unknown}
Potions
 f - a potion of curing {unknown}
 g - a potion of might {unknown}
 k - a potion of heal wounds {unknown}
 l - 2 potions of haste {unknown}
 r - a potion of brilliance {unknown}
Comestibles
 h - a slice of pizza
 i - a meat ration


   Skills:
 + Level 2.0 Fighting
 + Level 8.9 Slings
 + Level 0.2(4.1) Throwing
 + Level 2.0 Armour
 + Level 2.4 Dodging
 + Level 1.3 Stealth


You had 5 spell levels left.
You didn't know any spells.

Dungeon Overview and Level Annotations

Branches:
Dungeon (4/15)
 Temple: D:4-7

Altars:
Ashenzari
Okawaru


Innate Abilities, Weirdness & Mutations

You are small and have problems with some larger weapons.
You are somewhat resistant to further mutation.


Message History

Aim: a hound (lightly wounded)
You shoot a stone. The stone closely misses the hound.
The hound misses you.
Firing (i - inventory. (,) - cycle):
j - 48 stones (quivered)
Press: ? - help, Shift-Dir - straight line, f/p - hound
Aim: a hound (lightly wounded)
You shoot a stone. The stone hits the hound.
The hound is moderately wounded.
The hound bites you.
* * * LOW HITPOINT WARNING * * *
Firing (i - inventory. (,) - cycle):
j - 47 stones (quivered)
Press: ? - help, Shift-Dir - straight line, f/p - hound
Aim: a hound (moderately wounded)
You shoot a stone. The stone barely misses the hound.
The hound pauses to sniff the ground.
The hound misses you.
Firing (i - inventory. (,) - cycle):
j - 46 stones (quivered)
Press: ? - help, Shift-Dir - straight line, f/p - hound
Aim: a hound (moderately wounded)
You shoot a stone. The stone closely misses the hound.
The hound bites you.
You die...

#( (( #.
#######
(#......#
>(......+
#(......#
#h......#
#@......#
##......#
......#
..#####
..# ..#
..# ..#


You could see a hound.

Vanquished Creatures
  Crazy Yiuf (D:3)
  An iguana (D:4)
  Jessica (D:2)
  A gnoll (D:1)
  5 adders
  2 worms
  2 giant geckos
  4 orcs (D:3)
  3 giant cockroaches
  6 hobgoblins
  A quokka (D:3)
  A ball python (D:3)
  4 bats
  3 giant newts
  6 goblins
  4 kobolds
  5 rats
50 creatures vanquished.

Notes
Turn   | Place    | Note
--------------------------------------------------------------
     0 | D:1      | Ohshi the Halfling Hunter began the quest for the Orb.
     0 | D:1      | Reached XP level 1. HP: 14/14 MP: 1/1
    62 | D:1      | Reached skill level 6 in Slings
    62 | D:1      | Reached XP level 2. HP: 19/19 MP: 2/2
   206 | D:1      | Reached XP level 3. HP: 24/24 MP: 3/3
   588 | D:1      | You fall through a shaft!
   781 | D:2      | Reached skill level 7 in Slings
  1116 | D:2      | Noticed Jessica
  1121 | D:2      | Killed Jessica
  1121 | D:2      | Reached XP level 4. HP: 29/29 MP: 4/4
  1621 | D:3      | Found a shattered altar of Ashenzari.
  1725 | D:3      | Reached skill level 8 in Slings
  1785 | D:3      | Reached skill level 1 in Armour
  1808 | D:3      | Reached XP level 5. HP: 28/34 MP: 5/5
  1960 | D:3      | Noticed Crazy Yiuf
  1967 | D:3      | Killed Crazy Yiuf
  2008 | D:3      | Found an iron altar of Okawaru.
  2308 | D:4      | Reached XP level 6. HP: 9/39 MP: 6/6
  2316 | D:4      | Slain by a hound

Action                   |  1- 3 |  4- 6 || total
-------------------------+-------+-------++-------
 Fire: Hunting sling     |    81 |    95 ||   176
Throw: Stone             |       |    16 ||    16
  Eat: Bread ration      |       |     1 ||     1
